 Seeded DCSS version 0.28-a0-1184-g53156a8862 (webtiles) character file.

Game seed: 6480779120276185561 (custom seed)

255 ytrimaz the Insei (level 6, -1/39 HPs)
             Began as an Octopode Transmuter on Dec 17, 2021.
             Killed by divine providence
             ... invoked by an orc priest
              (11 damage)
             ... on level 5 of the Dungeon.
             The game lasted 00:03:59 (5402 turns).

ytrimaz the Insei (Octopode Transmuter)             Turns: 5402, Time: 00:03:59

Health: -1/39      AC:  1    Str:  9    XL:     6   Next: 15%
Magic:  8/11       EV: 13    Int: 18    God:
Gold:   130        SH:  0    Dex: 12    Spells: 5/11 levels left

rFire   . . .      SeeInvis .     - Unarmed
rCold   . . .      Faith    .   (no shield)
rNeg    + . .      Spirit   .   (helmet restricted)
rPois   .          Reflect  .   (no amulet)
rElec   .          Harm     .   j - ring of positive energy
rCorr   .          Rampage  .   (no ring)
Will    .....                   (no ring)
Stlth   ++........              (no ring)
HPRegen 0.13/turn               (no ring)
MPRegen 0.12/turn               (no ring)
                                (no ring)
                                (no ring)

@: no status effects
A: almost no armour, amphibious, 8 rings, camouflage 1, gelatinous body 1,
(nimble swimmer 1), tentacles
a: no special abilities


You were on level 5 of the Dungeon.
You visited 1 branch of the dungeon, and saw 6 of its levels.

You collected 130 gold pieces.

Inventory:

Jewellery
 j - a ring of positive energy (left tentacle)
Wands
 g - a wand of flame (8)
Scrolls
 k - a scroll of vulnerability {unknown}
 l - 2 scrolls of immolation
 m - a scroll of torment {unknown}
 n - a scroll of teleportation
 o - a scroll of silence {unknown}
Potions
 a - 3 potions of attraction {unknown}
 b - a potion of might {unknown}
 c - 2 potions of mutation
 d - a potion of lignification {unknown}
 e - a potion of heal wounds
 f - a potion of haste {unknown}
 h - a potion of degeneration {unknown}
 i - a potion of flight {unknown}


   Skills:
 * Level 2.0 Fighting
 - Level 2.0 Dodging
 + Level 4.3 Unarmed Combat
 * Level 3.4 Spellcasting
 * Level 3.7 Transmutations
 + Level 0.8 Poison Magic


You had 5 spell levels left.
You knew the following spells:

 Your Spells              Type           Power      Damage    Failure   Level
a - Beastly Appendage     Tmut           32%        N/A       3%          1
b - Wereblood             Tmut           16%        N/A       4%          2
c - Spider Form           Tmut/Pois      11%        N/A       19%         3

Your spell library contained the following spells:

 Spells                   Type           Power      Damage    Failure   Level
 Call Canine Familiar     Summ           3%         N/A       43%         3
 Portal Projectile        Hex/Tloc       6%         N/A       43%         3
 Ice Form                 Ice/Tmut       9%         N/A       58%         4
 Blade Hands              Tmut           8%         N/A       67%         5
 Leda's Liquefaction      Hex/Erth       1%         N/A       83%         4
 Excruciating Wounds      Necr           1%         N/A       99%         5


Dungeon Overview and Level Annotations

Branches:
Dungeon (6/15)
 Temple: D:4-7

Altars:
Dithmenos
Qazlal

Shops:
D:2 =

Annotations:
D:5 Dowan, Duvessa
D:6 exclusion: steam dragon


Innate Abilities, Weirdness & Mutations

You cannot wear most types of armour.
You are amphibious.
You can wear up to eight rings at the same time.
Your skin changes colour to match your surroundings (Stealth+).
Your rubbery body absorbs attacks. (AC +1, EV +1)
((You are camouflaged near water. (Stealth+)))
You have tentacles for arms and can constrict up to eight enemies at once.


Message History

The orc is heavily wounded.
The orc closely misses you.
You hit the orc.
You kill the orc!
The orc priest closely misses you. The gnoll completely misses you.
Things that are here:
a +0 flail; an orc corpse You hit the orc priest but do no damage.
The orc priest is poisoned.
The orc priest closely misses you. The gnoll closely misses you.
You hit the orc priest but do no damage.
The orc priest looks as sick as possible!
The orc priest misses you.
Dowan, Brother of Duvessa comes into view.
He is wielding a +0 dagger.
The gnoll hits you from afar with a +0 spear.
Dowan shouts!
You hit the orc priest but do no damage.
The orc priest looks as sick as possible!
The orc priest is lightly wounded.
The orc priest hits you with a +0 falchion.
The gnoll barely misses you.
You hit the orc priest.
The orc priest is moderately wounded.
Your transformation has ended.
The orc priest barely misses you.
The gnoll hits you from afar with a +0 spear!
Your magical contamination has completely faded away.
You are too injured to fight recklessly!
You closely miss the orc priest. You grab the orc priest.
The orc priest is moderately wounded.
You constrict the orc priest, but do no damage.
The orc priest hits you with a +0 falchion.
The gnoll hits you from afar with a +0 spear.
* * * LOW HITPOINT WARNING * * *
Unknown command.
Unknown command.
You release your grip on the orc priest.
The orc priest mumbles some strange prayers to Beogh against you.
Beogh smites you!
You die...

#### ..## #..# ...##..
#...# # #@# ##. #)#
#....###..######o#
...............og##
.......##.......eo###.#
......# #....#..#o...#
......#
#......###g......g
.......##..##.##
#..#.....
#..##...#..#..# #..#
.###


You could see Duvessa, an orc priest (extremely poisoned), a gnoll and 3 orcs.

Vanquished Creatures
  A hound (D:6)
  3 orc priests
  4 adders
  A white imp (D:6)
  A worm (D:2)
  2 dart slugs
  10 orcs
  6 ball pythons
  9 bats
  7 endoplasms
  7 giant cockroaches
  4 goblins
  3 hobgoblins (D:1)
  4 jackals (D:4)
  3 kobolds
  2 quokkas
  6 frilled lizards
  6 rats
  A spectral kobold (D:1)
80 creatures vanquished.

Notes
Turn   | Place    | Note
-------+----------+-------------------------------------------
     0 | D:1      | ytrimaz the Octopode Transmuter began the quest for the
                  | Orb.
     0 | D:1      | Reached XP level 1. HP: 13/13 MP: 3/3
   511 | D:1      | Reached XP level 2. HP: 18/18 MP: 3/5
   618 | D:1      | Found a faded altar of an unknown god.
  1031 | D:1      | Reached XP level 3. HP: 19/23 MP: 6/6
  1035 | D:1      | Learned a level 2 spell: Wereblood
  1039 | D:1      | Learned a level 3 spell: Spider Form
  2114 | D:2      | Found a shadowy altar of Dithmenos.
  2296 | D:2      | Reached XP level 4. HP: 24/28 MP: 3/8
  2410 | D:2      | Found Piap's Jewellery Shoppe.
  3361 | D:3      | Reached XP level 5. HP: 33/34 MP: 6/9
  4017 | D:3      | Found a stormy altar of Qazlal.
  4732 | D:4      | You fall into a shaft and drop 2 floors!
  4733 | D:6      | Noticed a steam dragon
  5088 | D:6      | Reached skill level 4 in Unarmed Combat
  5278 | D:6      | Reached XP level 6. HP: 32/39 MP: 11/11
  5312 | D:5      | Entered Level 5 of the Dungeon
  5383 | D:5      | Noticed Duvessa
  5398 | D:5      | Noticed Dowan
  5402 | D:5      | Killed from afar by an orc priest

Illustrated notes

Levels and vault maps discovered:
D:1:      dpeg_arrival_stonehenge_8_columns, layout_basic,
          dreamdust_ecumenical_altar_drowned_temple
D:2:      layout_basic, serial_shops, shop, basic_altar
D:3:      layout_basic, old_standard_altar, chequers_serial_rivers_micro_b,
          minmay_between
D:4:      layout_rooms, serial_curves, eino_curves_03, eino_curves_02,
          kennysheep_decorative_pillar, minmay_strange_pillars,
          skrybe_limestone_x, nicolae_shop_sticking_my_neck_out
D:5:      layout_layer_cave, kennysheep_little_box,
          minmay_temple_entry_gardened_gates, serial_shops,
          nicolae_stop_n_shop_1, uniq_duvessa
D:6:      layout_loops_cross, serial_shops, nicolae_stop_n_shop_2,
          minmay_starry_boxes

Skill      XL: |  1  2  3  4  5 |
---------------+----------------+-----
Transmutations | 3 |  3.7
Spellcasting   | 3 |  3.4
Unarmed Combat | 4 |  4.3
Fighting       | 2 |  2.0
Dodging        | |  2.0
Poison Magic   | |  0.8

Action                   |  1- 3 |  4- 6 || total
-------------------------+-------+-------++-------
Melee: Unarmed           |    86 |   111 ||   197
       Constrict         |    19 |    27 ||    46
       Kick              |    10 |    18 ||    28
       Punch             |     1 |       ||     1
       Tentacles         |     8 |    13 ||    21
 Cast: Beastly Appendage |    15 |    17 ||    32
       Spider Form       |     3 |     2 ||     5
       Wereblood         |       |     2 ||     2
  Use: Scroll            |     4 |     4 ||     8
       Potion            |       |     1 ||     1
 Stab: Sleeping          |     8 |     6 ||    14
Armor: Skin              |    10 |     9 ||    19
Dodge: Dodged            |    49 |    83 ||   132

Table legend: (Time is in decaauts)
 A = Elapsed time spent in this place.
 B = Non-inter-level travel time spent in this place.
 C = Inter-level travel time spent in this place.
 D = Time resting spent in this place.
 E = Time spent auto-exploring this place.
 F = Levels seen in this place.
 G = Mean time per level.
                   A        B        C        D        E       F      G
               +--------+--------+--------+--------+--------+-----+--------+
         Total |   5386 |   5298 |     88 |    899 |   3688 |   6 |  897.7 |
       Dungeon |   5386 |   5298 |     88 |    899 |   3688 |   6 |  897.7 |
               +--------+--------+--------+--------+--------+-----+--------+

Top non-repeatable levels by time:
     D:1: 1671 daAuts
     D:3: 1412 daAuts
     D:2: 1327 daAuts
     D:6: 578 daAuts
     D:4: 307 daAuts
     D:5: 89 daAuts
